 Dungeon Crawl Stone Soup version 0.30-a0-860-g512cf1e979 (webtiles) character file.

Game seed: 10728379492162351454

316 zenocrate the Insei (level 6, 0/38 HPs)
             Began as an Octopode Transmuter on Mar 7, 2023.
             Slain by a river rat (7 damage)
             ... summoned by Eustachio
             ... on level 4 of the Dungeon.
             The game lasted 00:03:35 (3348 turns).

zenocrate the Insei (Octopode Transmuter)           Turns: 3348, Time: 00:03:36

Health: 0/38       AC:  1    Str:  9      XL:     6   Next: 44%
Magic:  5/9        EV: 13    Int: 18      God:
Gold:   182        SH:  0    Dex:  9 (12) Spells: 2/9 levels left

rFire   . . .      SeeInvis .      - Unarmed
rCold   . . .      Faith    .    (no shield)
rNeg    . . .      Spirit   .    (helmet currently unavailable)
rPois   .          Reflect  .    (no amulet)
rElec   .          Rampage  .    (no ring)
rCorr   .                        (no ring)
Will    .....                    (no ring)
Stlth   ++                       (no ring)
HPRegen 0.26/turn                (no ring)
MPRegen 0.11/turn                (no ring)
                                 (no ring)
                                 (no ring)

@: mighty, appendages, studying Unarmed Combat
A: tentacle spike 3, almost no armour, amphibious, 8 rings, camouflage 1,
gelatinous body 1, (nimble swimmer 1), tentacles
a: End Transformation


You were on level 4 of the Dungeon.
One of your tentacles had grown a beastly spike.
You visited 1 branch of the dungeon, and saw 4 of its levels.

You collected 182 gold pieces.

Inventory:

Jewellery
 n - a ring of ice
Scrolls
 a - 2 scrolls of butterflies {unknown}
 d - a scroll of poison {unknown}
 e - a scroll of teleportation
 g - a scroll of immolation {unknown}
 h - a scroll of fog {unknown}
 m - 2 scrolls of amnesia {unknown}
Potions
 c - 4 potions of attraction
 f - a potion of degeneration {unknown}
 i - a potion of heal wounds {unknown}
 j - a potion of curing
 k - a potion of resistance {unknown}
 l - a potion of mutation {unknown}


   Skills:
 - Level 1.0 Fighting
 - Level 2.0 Dodging
 - Level 1.0 Stealth
 + Level 6.0 Unarmed Combat
 - Level 2.0 Spellcasting
 + Level 4.3 Transmutations
 + Level 2.4 Ice Magic


You had 2 spell levels left.
You knew the following spells:

 Your Spells              Type           Power      Damage    Failure   Level
a - Beastly Appendage     Tmut           34%        N/A       3%          1
b - Wereblood             Tmut           17%        N/A       4%          2
c - Ice Form              Ice/Tmut       14%        N/A       41%         4

Your spell library contained the following spells:

 Spells                   Type           Power      Damage    Failure   Level
 Kiss of Death            Conj/Necr      4%         2d5       19%         1
 Necrotise                Necr           4%         1d4       19%         1
 Summon Small Mammal      Summ           4%         N/A       19%         1
 Spider Form              Tmut/Pois      9%         N/A       22%         3
 Vhi's Electric Charge    Tloc/Air       2%         N/A       47%         3
 Arcjolt                  Conj/Air       0%         1d10      99%         5
 Maxwell's Capacitive Co  Air            0%         ∞         100%        8


Dungeon Overview and Level Annotations

Branches:
Dungeon (4/15)
 Temple: D:4-7

Altars:

Annotations:
D:4 Eustachio


Innate Abilities, Weirdness & Mutations

One of your tentacles has grown a beastly spike.
You cannot wear most types of armour.
You are amphibious.
You can wear up to eight rings at the same time.
Your skin changes colour to match your surroundings (Stealth+).
Your rubbery body absorbs attacks. (AC +1, EV +1)
((You are camouflaged when in or above water. (Stealth+)))
You have tentacles for arms and can constrict up to eight enemies at once.


Message History

You kill the quasit!
The quasit disappears in a puff of smoke!
The bat misses you.
Eustachio gestures wildly while chanting.
Unknown command.
Casting: Ice Form (extremely dangerous; 41% risk of failure)
Confirm with . or Enter, or press ? or * to list all spells.
One of your tentacles grows a vicious spike.
You howl as the wereblood boils in your veins!
The ufetubus disappears in a puff of smoke!
The bat closely misses you. The bat hits you but does no damage.
You barely miss the bat. Your grab misses the bat.
Your tentacle spike misses the bat.
Your primal bloodlust has ended.
The bat hits you but does no damage. x2; The bat barely misses you.
You closely miss the bat. Your grab misses the bat.
Your tentacle spike misses the bat.
The bat closely misses you.
The river rat twitches its whiskers.
You miss the bat. You grab the bat. You constrict the bat. The bat hits you.
* * * LOW HITPOINT WARNING * * *
The bat closely misses you.
You barely miss the bat.
Your tentacle spike misses the bat.
You tentacle-slap the bat.
You kill the bat!
The bat's corpse disappears in a puff of smoke!
You bludgeon the shadow imp! Your grab misses the shadow imp.
You pierce the shadow imp.
You kill the shadow imp!
The shadow imp disappears in a puff of smoke!
You bludgeon the river rat! Your grab misses the river rat.
Your squeeze misses the river rat.
The river rat is severely wounded.
The river rat twitches its whiskers.
The river rat bites you.
* * * LOW HITPOINT WARNING * * *
You tentacle-slap the river rat. Your grab misses the river rat.
Your tentacle spike misses the river rat.
The river rat is severely wounded.
The river rat bites you!
You die...

#...#.# ..)..#..# ###+##
.# ..#...'...# #.....# +.#
........#....###.....##
#.#
..####..#.5...###.....##
#.## .#
#..##.....###.....## #..#
### #..§..# #.....###..#
....#####r#######†####...#
##.......5r@.............#
.........#####.######....#
..#######.......###
###..##
.......>.#####....###...##
########..#######.#†..###
##.(.........###
#######<....# #.....#
#######


You could see an iron imp (summoned), a crimson imp (summoned), a river rat
(summoned) and a rat (summoned).

Vanquished Creatures
  A scorpion (D:4)
  A hound (D:4)
  An orc priest (D:2)
  Natasha (D:4)
  2 orc wizards
  2 adders
  3 worms
  18 orcs
  4 bats
  5 endoplasms
  5 giant cockroaches
  4 goblins
  8 hobgoblins
  6 quokkas
  8 ball pythons
  7 kobolds
  3 rats
79 creatures vanquished.

Notes
Turn   | Place    | Note
-------+----------+-------------------------------------------
     0 | D:1      | zenocrate the Octopode Transmuter began the quest for the
                  | Orb.
     0 | D:1      | Reached XP level 1. HP: 13/13 MP: 3/3
    66 | D:1      | Got Lompol's Hermetics for Novices
   127 | D:1      | Reached skill level 1 in Stealth
   162 | D:1      | Reached XP level 2. HP: 18/18 MP: 3/5
   165 | D:1      | Learned a level 2 spell: Wereblood
   231 | D:1      | Found a faded altar of an unknown god.
   842 | D:1      | Reached XP level 3. HP: 23/23 MP: 2/6
  1702 | D:2      | Reached skill level 4 in Unarmed Combat
  1925 | D:2      | Reached XP level 4. HP: 17/28 MP: 4/7
  1931 | D:2      | Learned a level 4 spell: Ice Form
  2262 | D:3      | Identified the +4 short sword of the Eternal Void {heavy,
                  | Will+}
  2357 | D:3      | Reached XP level 5. HP: 31/33 MP: 4/8
  2399 | D:3      | Reached skill level 5 in Unarmed Combat
  2399 | D:3      | Reached skill level 1 in Ice Magic
  3156 | D:4      | Noticed Eustachio
  3179 | D:4      | Reached XP level 6. HP: 18/38 MP: 4/9
  3308 | D:4      | Noticed Natasha
  3321 | D:4      | Killed Natasha
  3322 | D:4      | Reached skill level 6 in Unarmed Combat
  3348 | D:4      | Slain by a river rat

Illustrated notes

Levels and vault maps discovered:
D:1:      amcnicky_arrival_blooded_trapdoor, layout_basic,
          nicolae_ecumenical_snake_handling, minmay_misc_feat_square
D:2:      layout_loops_ring
D:3:      layout_loops_ring
D:4:      layout_rooms, serial_corexii_hall, corexii_hall_statues_l,
          chequers_hall_statues_wall_a, enter_ossuary_2, minmay_quadrilaterals,
          uniq_natasha, uniq_eustachio, uniq_pikel

Skill      XL: |  1  2  3  4  5  6 |
---------------+-------------------+-----
Stealth        | 1 |  1.0
Unarmed Combat | 4 5 6 |  6.0
Transmutations | 3 4 |  4.3
Ice Magic      | 2 |  2.4
Fighting       | |  1.0
Dodging        | |  2.0
Spellcasting   | |  2.0

Action                     |  1- 3 |  4- 6 || total
---------------------------+-------+-------++-------
  Melee: Unarmed           |    73 |   114 ||   187
         Constrict         |    22 |    31 ||    53
         Tentacles         |    16 |    23 ||    39
         Kick              |    17 |    30 ||    47
         Punch             |     1 |     5 ||     6
   Cast: Beastly Appendage |    14 |    14 ||    28
         Wereblood         |    13 |    14 ||    27
    Use: Potion            |       |     4 ||     4
         Scroll            |       |     2 ||     2
   Stab: Sleeping          |     3 |     3 ||     6
 Armour: Skin              |     7 |    16 ||    23
  Dodge: Dodged            |    43 |    62 ||   105

Table legend: (Time is in decaauts)
 A = Elapsed time spent in this place.
 B = Non-inter-level travel time spent in this place.
 C = Inter-level travel time spent in this place.
 D = Time resting spent in this place.
 E = Time spent auto-exploring this place.
 F = Levels seen in this place.
 G = Mean time per level.
                   A        B        C        D        E       F      G
               +--------+--------+--------+--------+--------+-----+--------+
         Total |   3333 |   3254 |     79 |    108 |   2596 |   4 |  833.2 |
       Dungeon |   3333 |   3254 |     79 |    108 |   2596 |   4 |  833.2 |
               +--------+--------+--------+--------+--------+-----+--------+

Top non-repeatable levels by time:
     D:1: 1124 daAuts
     D:2: 999 daAuts
     D:3: 884 daAuts
     D:4: 326 daAuts
